 Dungeon Crawl Stone Soup version 0.29-a0-334-gb41bcbb86e (webtiles) character file.

Game seed: 4209302268276819700

86 BritishOli the Skirmisher (level 4, 36/36 HPs)
             Began as a Demonspawn Monk on Apr 14, 2022.
             Got out of the dungeon alive.
             The game lasted 00:01:26 (2059 turns).

BritishOli the Skirmisher (Demonspawn Monk)         Turns: 2059, Time: 00:01:26

Health: 36/36      AC: 10    Str: 13    XL:     4   Next: 27%
Magic:  4/4        EV:  3    Int: 11    God:
Gold:   40         SH:  0    Dex: 16    Spells: 3/3 levels left

rFire   . . .      SeeInvis .   a - +0 falchion
rCold   . . .      Faith    .   (no shield)
rNeg    . . .      Spirit   .   j - +0 plate armour
rPois   .          Reflect  .   (no helmet)
rElec   .          Harm     .   (no cloak)
rCorr   .          Rampage  .   (no gloves)
Will    .....                   (no boots)
Stlth   ..........              (no amulet)
HPRegen 0.12/turn               (no ring)
MPRegen 0.09/turn               (no ring)

@: no status effects
A: demonic magic 1, weakness stinger 1
a: no special abilities


You escaped.
You visited 1 branch of the dungeon, and saw 2 of its levels.

You collected 40 gold pieces.

Inventory:

Hand Weapons
 a - a +0 falchion (weapon)
Armour
 j - a +0 plate armour (worn)
Scrolls
 b - a scroll of enchant armour {unknown}
 e - 3 scrolls of identify {unknown}
 h - a scroll of teleportation {unknown}
Potions
 c - a potion of ambrosia
 d - a potion of haste {unknown}
 f - a potion of heal wounds {unknown}
 g - a potion of curing {unknown}
 i - a potion of attraction {unknown}
 k - a potion of lignification {unknown}


   Skills:
 + Level 3.6 Fighting
 + Level 3.2 Long Blades
 + Level 3.2 Dodging
 + Level 2.7 Stealth


You had 3 spell levels left.
You didn't know any spells.
Your spell library was empty.

Dungeon Overview and Level Annotations

Branches:
Dungeon (2/15)

Altars:


Innate Abilities, Weirdness & Mutations

Spells you cast may paralyse adjacent enemies.
You have a small tail.


Message History

The howler monkey hits you.
You slash the howler monkey! You tail-slap the howler monkey.
The howler monkey is severely wounded.
The howler monkey hits you but does no damage.
The howler monkey completely misses you.
You closely miss the howler monkey.
The howler monkey is severely wounded.
The howler monkey hits you but does no damage.
You closely miss the howler monkey.
The howler monkey is heavily wounded.
The howler monkey hits you.
You hit the howler monkey.
Your tail-slap misses the howler monkey.
The howler monkey is severely wounded.
The howler monkey hits you.
The howler monkey hits you but does no damage.
You slash the howler monkey!
You kill the howler monkey!
You have reached level 4!
You feel agile.
Your demonic ancestry asserts itself...
A menacing aura infuses your magic.
(D) Dungeon
Where to? (Enter - D:2, ? - help)
You see here a quokka skeleton.
You see here a ball python skeleton.
There is a stone staircase leading up here.
You climb upwards.
There is a stone staircase leading down here.
(D) Dungeon
Where to? (Enter - D:1, ? - help)
Okay, then.
(D) Dungeon
Where to? (Enter - D:1, ? - help)
Okay, then.
HP restored.
You enter the shallow water.
Moving in this stuff is going to be slow.
There is a staircase leading out of the dungeon here.
Are you sure you want to leave the Dungeon?
This will make you lose the game!
You have escaped!

#.#.#..≈........##.....≈........
#.#.#...≈≈...........≈≈.......##
#.#.#...≈≈≈≈.......≈≈≈≈........#
#.#.#....≈≈≈≈≈...≈≈≈≈≈.........#
##.#.#....≈≈≈≈≈≈.≈≈≈≈≈≈.....#.###
...........≈≈≈≈≈≈≈≈≈≈≈...........
##.###.....≈≈≈.....≈≈≈...........
#.........≈≈.......≈≈.........#.
#.......≈≈≈≈...@...≈≈≈≈.......#.
##.....≈≈≈≈≈≈≈.....≈≈≈≈≈≈≈....##.
.....≈≈≈≈≈≈≈≈≈.....≈≈≈≈≈≈≈≈≈..##.
###≈≈≈≈≈≈≈≈≈≈≈≈≈≈≈≈≈≈≈≈≈≈≈≈≈≈≈##.
# #...........≈≈≈≈≈...........##.
# #............≈≈≈............##.
# ###.####.....≈≈≈.......#######.
## #...........≈.....)#..# ## .#
#####.......≈......#..# #####


There were no monsters in sight!

Vanquished Creatures
  A howler monkey (D:2)
  A gnoll (D:2)
  2 dart slugs
  5 endoplasms
  2 giant cockroaches (D:1)
  A goblin (D:1)
  2 hobgoblins
  4 jackals (D:1)
  A quokka (D:2)
  4 ball pythons
  5 bats
  A frilled lizard (D:1)
  4 kobolds
  5 rats
38 creatures vanquished.

Notes
Turn   | Place    | Note
-------+----------+-------------------------------------------
     0 | D:1      | BritishOli the Demonspawn Monk began the quest for the Orb.
     0 | D:1      | Reached XP level 1. HP: 18/18 MP: 1/1
   213 | D:1      | Found a faded altar of an unknown god.
   583 | D:1      | Gained mutation: You have a small tail. [demonic ancestry]
   583 | D:1      | Reached XP level 2. HP: 24/24 MP: 2/2
  1158 | D:1      | Reached XP level 3. HP: 29/29 MP: 3/3
  1939 | D:2      | Gained mutation: Spells you cast may paralyse adjacent
                  | enemies. [demonic ancestry]
  1939 | D:2      | Reached XP level 4. HP: 22/36 MP: 4/4
  2059 | D:$      | Got out of the dungeon alive.

Illustrated notes

Levels and vault maps discovered:
D:1:      onia_arrival_pentagram, layout_basic,
          hellmonk_ecumenical_altar_lost_god, minmay_tree_intersection,
          nicolae_concentric_dashed_squares_mild
D:2:      minmay_razor_zed, layout_basic, serial_shops, shop

Skill      XL: |  1  2 |
---------------+-------+-----
Stealth        | 2 |  2.7
Long Blades    | 3 |  3.2
Dodging        | 3 |  3.2
Fighting       | |  3.6

Action                   |  1- 3 |  4- 6 || total
-------------------------+-------+-------++-------
Melee: Falchion          |   109 |       ||   109
       Tailslap          |     8 |       ||     8
 Stab: Sleeping          |     3 |       ||     3
Armor: Robe              |    13 |       ||    13
       Plate armour      |    27 |       ||    27
Dodge: Dodged            |    66 |       ||    66

Table legend: (Time is in decaauts)
 A = Elapsed time spent in this place.
 B = Non-inter-level travel time spent in this place.
 C = Inter-level travel time spent in this place.
 D = Time resting spent in this place.
 E = Time spent auto-exploring this place.
 F = Levels seen in this place.
 G = Mean time per level.
                   A        B        C        D        E       F      G
               +--------+--------+--------+--------+--------+-----+--------+
         Total |   2077 |   1920 |    157 |    395 |   1259 |   2 | 1038.5 |
       Dungeon |   2077 |   1920 |    157 |    395 |   1259 |   2 | 1038.5 |
               +--------+--------+--------+--------+--------+-----+--------+

Top non-repeatable levels by time:
     D:1: 1669 daAuts
     D:2: 408 daAuts
